 Dungeon Crawl Stone Soup version 0.25.1-2-g60ff931df9 (webtiles) character file.

Game seed: 7085192733968947234

394 lightspider the Magician (level 6, -1/34 HPs)
             Began as a Deep Elf Air Elementalist on Sept 30, 2020.
             Was a Follower of Dithmenos.
             Slain by a slave (3 damage)
             ... led by Pikel
             ... on level 4 of the Dungeon.
             The game lasted 00:21:26 (3296 turns).

lightspider the Magician (DEAE)                     Turns: 3296, Time: 00:21:26

Health: -1/34      AC:  6    Str:  5    XL:     6   Next: 52%
Magic:  3/14       EV: 14    Int: 22    God:    Dithmenos [*.....]
Gold:   166        SH:  0    Dex: 15    Spells: 10/14 levels left

rFire    . . .     SeeInvis .   b - +0 dagger
rCold    . . .     Gourm    .   (no shield)
rNeg     . . .     Faith    .   a - +1 robe
rPois    .         Spirit   .   (no helmet)
rElec    .         Reflect  .   g - +2 cloak
rCorr    .         Harm     .   (no gloves)
MR       .....                  (no boots)
Stlth    +++.......             (no amulet)
HPRegen  0.11/turn              (no ring)
MPRegen  0.14/turn              (no ring)

@: very slightly contaminated, wreathed by umbra
A: no striking features
a: Renounce Religion


You were on level 4 of the Dungeon.
You worshipped Dithmenos.
Dithmenos was aware of your devotion.
You were not hungry.

You visited 1 branch of the dungeon, and saw 4 of its levels.

You collected 166 gold pieces.

Inventory:

Hand Weapons
 b - a +0 dagger (weapon)
 d - a +0 club
 e - a +0 short sword
 v - a -1 dagger
Armour
 a - a +1 robe (worn)
 g - a +2 cloak (worn)
Jewellery
 i - an uncursed amulet of faith {unknown}
Scrolls
 l - 2 scrolls of fog
 o - a scroll of teleportation {unknown}
 q - a scroll of enchant weapon {unknown}
 r - a scroll of identify {unknown}
Potions
 f - 2 potions of haste {unknown}
 h - a potion of lignification {unknown}
 j - a potion of invisibility {unknown}
 k - a potion of cancellation {unknown}
 m - a potion of magic {unknown}
 n - a potion of brilliance {unknown}
 s - a potion of heal wounds {unknown}
 t - 3 potions of curing {unknown}
 u - 4 potions of mutation {unknown}
Comestibles
 c - 5 rations
 p - 3 chunks of flesh


   Skills:
 + Level 1.5 Fighting
 + Level 2.0 Short Blades
 + Level 3.8 Dodging
 + Level 4.1 Stealth
 + Level 4.6 Spellcasting
 + Level 2.5 Conjurations
 + Level 4.2 Air Magic


You had 10 spell levels left.
You knew the following spells:

 Your Spells              Type           Power        Failure   Level  Hunger
a - Shock                 Conj/Air       ###.         2%          1    None
b - Static Discharge      Conj/Air       ###.....     8%          3    ##.....

Your spell library contained the following spells:

 Spells                   Type           Power        Failure   Level  Hunger
 Magic Dart               Conj           ###.         3%          1    None
 Swiftness                Chrm/Air       ##......     7%          2    None
 Mephitic Cloud           Conj/Pois/Air  ###.....     13%         3    ##.....
 Blink                    Tloc           N/A          16%         2    None
 Call Imp                 Summ           #.......     16%         2    None
 Slow                     Hex            #.......     16%         2    None
 Conjure Flame            Conj/Fire      ##......     19%         3    ##.....
 Airstrike                Air            ###.......   19%         4    ####...
 Confusing Touch          Hex            #.......     32%         3    ##.....
 Gell's Gravitas          Tloc           #.........   32%         3    ##.....
 Lightning Bolt           Conj/Air       ###.......   58%         5    #####..
 Petrify                  Tmut/Erth      #.......     71%         4    ####...
 Metabolic Englaciation   Hex/Ice        #.........   96%         5    #####..
 Yara's Violent Unravell  Hex/Tmut       #.........   96%         5    #####..


Dungeon Overview and Level Annotations

Branches:
Dungeon (4/15)
 Temple: D:4-7

Altars:
Dithmenos
Gozag
Nemelex Xobeh


Message History

The zap hits the slave.
The slave is severely wounded.
The slave misses you.
Casting: Shock (safe; 2% risk of failure)
Confirm with . or Enter, or press ? or * to list all spells.
Aiming: Shock (safe; 2% risk of failure)
Press: ? - help, Shift-Dir - straight line, f/p - slave
Aim: a slave (severely wounded, umbra)
You miscast Shock.
You are very lightly contaminated with residual magic.
Nothing appears to happen.
The slave misses you.
Casting: Shock (safe; 2% risk of failure)
Confirm with . or Enter, or press ? or * to list all spells.
Aiming: Shock (safe; 2% risk of failure)
Press: ? - help, Shift-Dir - straight line, f/p - slave
Aim: a slave (severely wounded, umbra)
The zap hits the slave.
The slave is almost dead.
The zap misses the slave.
The slave hits you.
You die...

..........#########.#
#####...............####
#####..##......####....#
....#..##......# ....#
....#..##......####....###
....#.............'.......
....# .#######)####.......
....## #.####?)..... ....#
#..@pp..))... ....#
#######.##... ..### # ....
#..# .# ## ## .##.[# .


You could see 2 slaves.

Vanquished Creatures
  Edmund (D:4)
  A slave (D:4)
  A bullfrog (D:3)
  A scorpion (D:3)
  2 orc wizards (D:4)
  A worker ant (D:4)
  2 adders (D:3)
  An adder skeleton (D:4)
  A worm (D:3)
  A dart slug (D:3)
  2 leopard geckos
  4 orcs
  2 giant cockroaches
  6 goblins
  5 hobgoblins
  3 jackals (D:3)
  3 quokkas
  6 bats
  A frilled lizard (D:1)
  8 kobolds
  7 rats
59 creatures vanquished.

Notes
Turn   | Place    | Note
-------+----------+-------------------------------------------
     0 | D:1      | lightspider the Deep Elf Air Elementalist began the quest
                  | for the Orb.
     0 | D:1      | Reached XP level 1. HP: 10/10 MP: 6/6
   232 | D:1      | Reached XP level 2. HP: 11/15 MP: 2/8
   965 | D:2      | Found a shadowy altar of Dithmenos.
   981 | D:2      | Became a worshipper of Dithmenos the Shadowed
  1217 | D:2      | Found a sparkling altar of Nemelex Xobeh.
  1439 | D:2      | Reached XP level 3. HP: 19/19 MP: 10/10
  1446 | D:2      | Found an opulent altar of Gozag.
  2009 | D:3      | Reached * piety under Dithmenos
  2259 | D:3      | Reached skill level 1 in Short Blades
  2259 | D:3      | Reached XP level 4. HP: 24/24 MP: 3/11
  2328 | D:3      | Learned a level 3 spell: Static Discharge
  2774 | D:3      | Found a sparkling altar of Nemelex Xobeh.
  2774 | D:3      | Found a transporter.
  2774 | D:3      | Noticed a bullfrog
  2807 | D:3      | Killed a bullfrog
  2807 | D:3      | Reached skill level 1 in Fighting
  2807 | D:3      | Reached XP level 5. HP: 24/29 MP: 5/13
  3081 | D:4      | Noticed Edmund
  3094 | D:4      | Killed Edmund
  3094 | D:4      | Reached XP level 6. HP: 27/34 MP: 8/14
  3262 | D:4      | Noticed a slave
  3264 | D:4      | Noticed a slave
  3271 | D:4      | Noticed a slave
  3281 | D:4      | Killed a slave
  3296 | D:4      | Slain by a slave

Illustrated notes

Levels and vault maps discovered:
D:1:      minmay_arrival_checkered_box, layout_basic
D:2:      layout_basic, nicolae_dithmenos_shadow_blocks, marbit_many_paths,
          nemelex_lonely_heart_becter
D:3:      layout_basic, grunt_nemelex_the_gamble
D:4:      layout_basic, first_ration, minmay_misc_feat_cross, uniq_pikel,
          uniq_edmund

Skill      XL: |  1  2  3  4  5  6 |
---------------+-------------------+-----
Stealth        | 3 4 |  4.1
Short Blades   | 1 2 |  2.0
Dodging        | 3 |  3.8
Spellcasting   | 4 |  4.6
Fighting       | 1 |  1.5
Conjurations   | 2 |  2.5
Air Magic      | 4 |  4.2

Action                   |  1- 3 |  4- 6 || total
-------------------------+-------+-------++-------
Melee: Short sword       |    36 |       ||    36
       Dagger            |    28 |    28 ||    56
 Cast: Shock             |    70 |    37 ||   107
  Use: Scroll            |     5 |       ||     5
 Stab: Sleeping          |     2 |     1 ||     3
  Eat: Chunk             |     4 |     3 ||     7
Armor: Robe              |    21 |     9 ||    30
Dodge: Dodged            |    95 |    44 ||   139
